EL
NORTHWEST ARKANSAS NATURALS @ CHATTANOOGA LOOKOUTS
08/10/2048
 
TOP OF THE 1ST
Northwest Arkansas Naturals batting - Pitching for Chattanooga Lookouts : LHP Kazuo Nishihara
Pitching: LHP Kazuo Nishihara
Batting: SHB Ryoji Hiraoka 0-0: Fly out, F9 (Line Drive, 89M, EV 97.5 MPH)
Batting: RHB Kevin Wimberly 0-0: Ball
1-0: Ball
2-0: Called Strike
2-1: Foul Ball, location: 2F
2-2: Strikes out swinging
Batting: RHB William Lung 0-0: Ball
1-0: Called Strike
1-1: Ball
2-1: Foul Ball, location: 2F
2-2: Ball
3-2: Fly out, F4 (Line Drive, 4, EV 61.9 MPH)
Top of the 1st over - 0 runs, 0 hits, 0 errors, 0 left on base; Northwest Arkansas 0 - Chattanooga 0
BOTTOM OF THE 1ST
Chattanooga Lookouts batting - Pitching for Northwest Arkansas Naturals : RHP Justin Potts
Pitching: RHP Justin Potts
Batting: SHB Matt Urbani 0-0: Ball
1-0: Foul Ball, location: 2F
1-1: Called Strike
1-2: Foul Ball, location: 2F
1-2: Foul Ball, location: 2F
1-2: Ball
2-2: Foul Ball, location: 2F
2-2: Ball
3-2: Base on Balls
Batting: RHB John Dew Pickoff Throw to First - Out! 1-3
0-0: Foul Ball, location: 2F
0-1: Foul Ball, location: 2F
0-2: TRIPLE (Flyball, 89XD, EV 96.9 MPH)
Pinch Runner at 3rd David Campbell:
Batting: LHB Marshall Daul 0-0: Ball
1-0: Foul Ball, location: 2F
1-1: Fly out, F7 (Flyball, 7, EV 91.2 MPH)
Batting: RHB Leo Gonzalez 0-0: Called Strike
0-1: Ball
1-1: Ball
2-1: Called Strike
2-2: Foul Ball, location: 2F
2-2: DOUBLE (Groundball, 5L, EV 98.1 MPH)
David Campbell scores
Batting: LHB Jon Ventura 0-0: Swinging Strike
0-1: Ball
1-1: Ball
2-1: Ball
3-1: Ground out 4-3 (Groundball, 4M, EV 101.9 MPH)
Bottom of the 1st over - 1 run, 2 hits, 0 errors, 1 left on base; Northwest Arkansas 0 - Chattanooga 1
TOP OF THE 2ND
Northwest Arkansas Naturals batting - Pitching for Chattanooga Lookouts : LHP Kazuo Nishihara
Now at 1B: David Campbell
Now at 2B: Leo Gonzalez
Batting: RHB Edwin Ramos 0-0: SINGLE (Flyball, 4MD, EV 94.4 MPH)
Batting: RHB Chad Sullivan 0-0: Foul Ball, location: 2F
0-1: Called Strike
0-2: Foul Ball, location: 2F
0-2: Ball
1-2: Ball
2-2: Foul Ball, location: 2F
2-2: Foul Ball, location: 2F
2-2: Ball
3-2: Strikes out swinging
Batting: LHB Bobby Gonzalez 0-0: Ball
1-0: Foul Ball, location: 2F
1-1: Foul Ball, location: 2F
1-2: Strikes out swinging
Batting: RHB Eric Erickson 0-0: Ball
1-0: Ball
2-0: Called Strike
2-1: Foul Ball, location: 2F
2-2: Ball
3-2: Base on Balls
Edwin Ramos to second
Batting: SHB Danny Ballenger 0-0: Ball
1-0: Foul Ball, location: 2F
1-1: Foul Ball, location: 2F
1-2: Ball
2-2: Ground out 4-3 (Groundball, 4, EV 86.2 MPH)
Top of the 2nd over - 0 runs, 1 hit, 0 errors, 2 left on base; Northwest Arkansas 0 - Chattanooga 1
BOTTOM OF THE 2ND
Chattanooga Lookouts batting - Pitching for Northwest Arkansas Naturals : RHP Justin Potts
Batting: RHB Michael McDonald 0-0: Called Strike
0-1: Ball
1-1: Ground out 6-3 (Groundball, 6, EV 85.0 MPH)
Batting: RHB Nick Phipps 0-0: Ball
1-0: Ball
2-0: Ball
3-0: Base on Balls
Batting: RHB David Nardone 0-0: Ball
Nick Phipps steals 2nd base
1-0: Called Strike
1-1: Ball
2-1: Foul Ball, location: 2F
2-2: Strikes out swinging, 2-3 out at first.
Batting: RHB Jose Gracia 0-0: Ball
1-0: Ball
2-0: Called Strike
2-1: Ball
3-1: Base on Balls
Batting: SHB Matt Urbani 0-0: Ball
1-0: Ball
2-0: Called Strike
2-1: Foul Ball, location: 2F
2-2: 3-RUN HOME RUN (Flyball, 9D, EV 96.9 MPH), Distance : 372 ft
Batting: LHB David Campbell 0-0: Called Strike
0-1: Ball
1-1: Ground out 5-3 (Groundball, 56, EV 103.8 MPH)
Bottom of the 2nd over - 3 runs, 1 hit, 0 errors, 0 left on base; Northwest Arkansas 0 - Chattanooga 4
TOP OF THE 3RD
Northwest Arkansas Naturals batting - Pitching for Chattanooga Lookouts : LHP Kazuo Nishihara
Batting: RHB Gabe Ochoa 0-0: Called Strike
0-1: Ball
1-1: SINGLE (Line Drive, 9S, EV 101.9 MPH)
Batting: SHB Ryoji Hiraoka 0-0: Ball
1-0: Ball
Wild Pitch!
Gabe Ochoa to second
2-0: Foul Ball, location: 2F
2-1: 2-RUN HOME RUN (Line Drive, 7LD, EV 96.2 MPH), Distance : 380 ft
Batting: RHB Kevin Wimberly 0-0: Ball
1-0: Fly out, F7 (Flyball, 7D, EV 97.5 MPH)
Batting: RHB William Lung 0-0: Foul Ball, location: 2F
0-1: Foul Ball, location: 2F
0-2: Ball
1-2: Strikes out swinging
Batting: RHB Edwin Ramos 0-0: Called Strike
0-1: Foul Ball, location: 2F
0-2: Ball
1-2: Strikes out looking
Top of the 3rd over - 2 runs, 2 hits, 0 errors, 0 left on base; Northwest Arkansas 2 - Chattanooga 4
BOTTOM OF THE 3RD
Chattanooga Lookouts batting - Pitching for Northwest Arkansas Naturals : RHP Justin Potts
Batting: LHB Marshall Daul 0-0: Ball
1-0: Called Strike
1-1: Foul Ball, location: 2F
1-2: Fly out, F4 (Flyball, 4D, EV 93.1 MPH)
Batting: RHB Leo Gonzalez 0-0: Foul Ball, location: 2F
0-1: Ball
1-1: Ball
2-1: Ball
3-1: Base on Balls
Pitching: RHP Matthew Orphan
Batting: LHB Jon Ventura 0-0: Ball
1-0: Ball
2-0: Foul Ball, location: 2F
2-1: Called Strike
2-2: Ball
3-2: Foul Ball, location: 2F
3-2: Foul Ball, location: 2F
3-2: Foul Ball, location: 2F
3-2: Base on Balls
Leo Gonzalez to second
Batting: RHB Michael McDonald 0-0: Ball
Wild Pitch!
Leo Gonzalez to third
Jon Ventura to second
1-0: Ball
2-0: Called Strike
2-1: Called Strike
2-2: Ball
3-2: Foul Ball, location: 2F
3-2: Base on Balls
Batting: RHB Nick Phipps 0-0: Foul Ball, location: 2F
0-1: Swinging Strike
0-2: Foul Ball, location: 2F
0-2: Ball
1-2: Fly out, F6 (Line Drive, 6, EV 74.4 MPH)
Batting: RHB David Nardone 0-0: Ball
1-0: Called Strike
1-1: Ground out 4-3 (Groundball, 4, EV 89.4 MPH)
Bottom of the 3rd over - 0 runs, 0 hits, 0 errors, 3 left on base; Northwest Arkansas 2 - Chattanooga 4
TOP OF THE 4TH
Northwest Arkansas Naturals batting - Pitching for Chattanooga Lookouts : LHP Kazuo Nishihara
Batting: RHB Chad Sullivan 0-0: Swinging Strike
0-1: Called Strike
0-2: Ball
1-2: Strikes out swinging
Batting: LHB Bobby Gonzalez 0-0: Called Strike
0-1: Ball
1-1: Swinging Strike
1-2: Ball
2-2: Fly out, F8 (Flyball, 8LD, EV 100.0 MPH)
Batting: RHB Eric Erickson 0-0: Ball
1-0: Foul Ball, location: 2F
1-1: Ball
2-1: Called Strike
2-2: SINGLE (Line Drive, 8LS, EV 100.0 MPH)
Batting: SHB Danny Ballenger 0-0: Ball
1-0: Ball
2-0: Called Strike
2-1: Foul Ball, location: 2F
2-2: Strikes out swinging
Top of the 4th over - 0 runs, 1 hit, 0 errors, 1 left on base; Northwest Arkansas 2 - Chattanooga 4
BOTTOM OF THE 4TH
Chattanooga Lookouts batting - Pitching for Northwest Arkansas Naturals : RHP Matthew Orphan
Pitching: RHP Brian Straub
Batting: RHB Jose Gracia 0-0: Called Strike
0-1: Ball
1-1: Ground out 6-3 (Groundball, 6S, EV 70.6 MPH)
Batting: SHB Matt Urbani 0-0: Called Strike
0-1: Ball
1-1: Ball
2-1: Called Strike
2-2: Ball
3-2: TRIPLE (Flyball, 8LXD, EV 111.9 MPH)
Batting: LHB David Campbell 0-0: Swinging Strike
0-1: Ball
1-1: Swinging Strike
1-2: Foul Ball, location: 2F
1-2: Strikes out swinging
Batting: LHB Marshall Daul 0-0: Ball
1-0: Ball
2-0: Called Strike
2-1: Ball
3-1: Called Strike
3-2: Base on Balls
Pitching: RHP John Barnett
Batting: RHB Leo Gonzalez 0-0: Ball
1-0: Ball
2-0: Ball
3-0: Called Strike
3-1: Base on Balls
Marshall Daul to second
Batting: LHB Jon Ventura 0-0: Ball
1-0: Called Strike
1-1: Ball
2-1: Foul Ball, location: 2F
2-2: Foul Ball, location: 2F
2-2: Foul Ball, location: 2F
2-2: Strikes out swinging
Bottom of the 4th over - 0 runs, 1 hit, 0 errors, 3 left on base; Northwest Arkansas 2 - Chattanooga 4
TOP OF THE 5TH
Northwest Arkansas Naturals batting - Pitching for Chattanooga Lookouts : LHP Kazuo Nishihara
Batting: RHB Gabe Ochoa 0-0: Called Strike
0-1: Ball
1-1: Called Strike
1-2: Ball
2-2: Ground out 5-3 (Groundball, 5, EV 87.5 MPH)
Batting: SHB Ryoji Hiraoka 0-0: Called Strike
0-1: Ball
1-1: Ground out 6-3 (Groundball, 6, EV 108.8 MPH)
Batting: RHB Kevin Wimberly 0-0: Called Strike
0-1: Ball
1-1: Ball
2-1: Swinging Strike
2-2: Strikes out looking
Top of the 5th over - 0 runs, 0 hits, 0 errors, 0 left on base; Northwest Arkansas 2 - Chattanooga 4
BOTTOM OF THE 5TH
Chattanooga Lookouts batting - Pitching for Northwest Arkansas Naturals : RHP John Barnett
Batting: RHB Michael McDonald 0-0: Ball
1-0: Ball
2-0: Ground out 1-3 (Groundball, 13S, EV 67.5 MPH)
Batting: RHB Nick Phipps 0-0: Ball
1-0: Ball
2-0: Ball
3-0: Called Strike
3-1: Called Strike
3-2: Strikes out looking
Pitching: RHP Justin Nipper
Batting: RHB David Nardone 0-0: Ball
1-0: Called Strike
1-1: Called Strike
1-2: Foul Ball, location: 2F
1-2: Strikes out looking
Bottom of the 5th over - 0 runs, 0 hits, 0 errors, 0 left on base; Northwest Arkansas 2 - Chattanooga 4
TOP OF THE 6TH
Northwest Arkansas Naturals batting - Pitching for Chattanooga Lookouts : LHP Kazuo Nishihara
Batting: RHB William Lung 0-0: Ball
1-0: Called Strike
1-1: Foul Ball, location: 2F
1-2: Strikes out looking
Batting: RHB Edwin Ramos 0-0: Foul Ball, location: 2F
0-1: Ball
1-1: Ball
2-1: Foul Ball, location: 2F
2-2: Fly out, F9 (Line Drive, 9S, EV 91.2 MPH)
Batting: RHB Chad Sullivan 0-0: Foul Ball, location: 2F
0-1: Ball
1-1: Fly out, F8 (Line Drive, 78M, EV 96.9 MPH)
Top of the 6th over - 0 runs, 0 hits, 0 errors, 0 left on base; Northwest Arkansas 2 - Chattanooga 4
BOTTOM OF THE 6TH
Chattanooga Lookouts batting - Pitching for Northwest Arkansas Naturals : RHP Justin Nipper
Batting: RHB Jose Gracia 0-0: Called Strike
0-1: Ball
1-1: Swinging Strike
1-2: Fly out, F3 (Popup, 3S, EV 76.2 MPH)
Batting: SHB Matt Urbani 0-0: TRIPLE (Flyball, 89XD, EV 102.5 MPH)
Batting: LHB David Campbell 0-0: DOUBLE (Line Drive, 89XD, EV 109.4 MPH)
Matt Urbani scores
Batting: LHB Marshall Daul 0-0: Intentional Walk
Batting: RHB Leo Gonzalez 0-0: Ball
1-0: Swinging Strike
1-1: Swinging Strike
1-2: Foul Ball, location: 2F
1-2: Ball
2-2: Foul Ball, location: 2F
2-2: Foul Ball, location: 2F
2-2: Ball
3-2: Base on Balls
David Campbell to third
Marshall Daul to second
Pitching: RHP Mike Tuck
Batting: LHB Jon Ventura 0-0: Called Strike
0-1: Foul Ball, location: 2F
0-2: Ball
1-2: Strikes out looking
Batting: RHB Michael McDonald 0-0: Ball
1-0: SINGLE (Line Drive, 8LS, EV 94.4 MPH)
David Campbell scores
Marshall Daul to third
Leo Gonzalez to second
Runner from 3rd tries for Home, SAFE, throw by CF to home
Batting: RHB Nick Phipps 0-0: Foul Ball, location: 2F
0-1: Swinging Strike
0-2: Ball
1-2: Ball
2-2: Strikes out swinging
Bottom of the 6th over - 3 runs, 3 hits, 0 errors, 2 left on base; Northwest Arkansas 2 - Chattanooga 7
TOP OF THE 7TH
Northwest Arkansas Naturals batting - Pitching for Chattanooga Lookouts : LHP Kazuo Nishihara
Batting: LHB Bobby Gonzalez 0-0: Ball
1-0: Called Strike
1-1: Ball
2-1: Ground out 6-3 (Groundball, 6, EV 84.4 MPH)
Batting: RHB Eric Erickson 0-0: SINGLE (Groundball, 25, EV 60.6 MPH) (infield hit)
Pitching: RHP Willie Romero
Batting: SHB Danny Ballenger 0-0: Called Strike
Eric Erickson is caught stealing 2nd base 2-6
0-1: Foul Ball, location: 2F
0-2: Ball
1-2: Strikes out swinging
Top of the 7th over - 0 runs, 1 hit, 0 errors, 0 left on base; Northwest Arkansas 2 - Chattanooga 7
BOTTOM OF THE 7TH
Chattanooga Lookouts batting - Pitching for Northwest Arkansas Naturals : RHP Mike Tuck
Batting: RHB David Nardone 0-0: Called Strike
0-1: Ball
1-1: Ball
2-1: SINGLE (Flyball, 8LS, EV 91.2 MPH)
Batting: RHB Jose Gracia 0-0: Called Strike
0-1: Ball
1-1: Ball
2-1: SINGLE (Groundball, 4MD, EV 106.2 MPH)
David Nardone to second
Pitching: RHP Kevin Tumbleson
Batting: SHB Matt Urbani 0-0: Called Strike
0-1: Swinging Strike
0-2: Strikes out swinging
Batting: LHB David Campbell 0-0: Foul Ball, location: 2F
0-1: Ball
1-1: Fly out, F9 (Flyball, 9S, EV 86.9 MPH)
Batting: LHB Marshall Daul 0-0: Ball
1-0: SINGLE (Groundball, 25, EV 70.0 MPH) (infield hit)
David Nardone to third
Jose Gracia to second
Batting: RHB Leo Gonzalez 0-0: Called Strike
0-1: Ball
1-1: Ball
2-1: Fly out, F8 (Flyball, 8RS, EV 83.8 MPH)
Bottom of the 7th over - 0 runs, 3 hits, 0 errors, 3 left on base; Northwest Arkansas 2 - Chattanooga 7
TOP OF THE 8TH
Northwest Arkansas Naturals batting - Pitching for Chattanooga Lookouts : RHP Willie Romero
Batting: RHB Gabe Ochoa 0-0: DOUBLE (Line Drive, 89M, EV 108.1 MPH)
Batting: SHB Ryoji Hiraoka 0-0: Ball
1-0: Ball
2-0: Ball
3-0: Base on Balls
Batting: RHB Kevin Wimberly 0-0: Ball
1-0: Foul Ball, location: 2F
1-1: Called Strike
1-2: Fielders Choice at 2nd, 6-4 (Groundball, 6, EV 86.2 MPH)
Gabe Ochoa to third
Batting: RHB William Lung 0-0: Swinging Strike
0-1: Foul Ball, location: 2F
0-2: Strikes out swinging
Batting: RHB Edwin Ramos 0-0: Swinging Strike
0-1: Ball
1-1: Ball
2-1: Foul Ball, location: 2F
2-2: Foul Ball, location: 2F
2-2: Strikes out swinging
Top of the 8th over - 0 runs, 1 hit, 0 errors, 2 left on base; Northwest Arkansas 2 - Chattanooga 7
BOTTOM OF THE 8TH
Chattanooga Lookouts batting - Pitching for Northwest Arkansas Naturals : RHP Kevin Tumbleson
Batting: LHB Jon Ventura 0-0: Ball
1-0: SINGLE (Line Drive, 5D, EV 105.0 MPH)
Batting: RHB Michael McDonald 0-0: Ball
1-0: Swinging Strike
1-1: Ball
Jon Ventura is caught stealing 2nd base 2-4
2-1: Foul Ball, location: 2F
2-2: Strikes out swinging
Pitching: RHP Philip Terrell
Batting: RHB Nick Phipps 0-0: Ball
1-0: Swinging Strike
1-1: Foul Ball, location: 2F
1-2: Ball
2-2: Foul Ball, location: 2F
2-2: Ball
3-2: Ground out 5-3 (Groundball, 56S, EV 81.2 MPH)
Bottom of the 8th over - 0 runs, 1 hit, 0 errors, 0 left on base; Northwest Arkansas 2 - Chattanooga 7
TOP OF THE 9TH
Northwest Arkansas Naturals batting - Pitching for Chattanooga Lookouts : RHP Willie Romero
Batting: RHB Chad Sullivan 0-0: Ball
1-0: Ball
2-0: SINGLE (Line Drive, 8LS, EV 90.0 MPH)
Batting: LHB Bobby Gonzalez 0-0: Foul Ball, location: 2F
0-1: Ball
1-1: Swinging Strike
1-2: Ball
2-2: Ball
3-2: Base on Balls
Chad Sullivan to second
Batting: RHB Eric Erickson 0-0: Foul Ball, location: 2F
0-1: Ball
1-1: Ground out 3-1 (Groundball, 34S, EV 64.4 MPH)
Chad Sullivan to third
Bobby Gonzalez to second
Pitching: RHP John Morrison
Batting: SHB Danny Ballenger 0-0: Ball
1-0: Called Strike
1-1: Foul Ball, location: 2F
1-2: Foul Ball, location: 2F
1-2: Ball
2-2: Strikes out swinging
Pinch Hitting: LHB Joe Cozart 0-0: Called Strike
0-1: Ball
1-1: Swinging Strike
1-2: Strikes out swinging
Top of the 9th over - 0 runs, 1 hit, 0 errors, 2 left on base; Northwest Arkansas 2 - Chattanooga 7
Tuesday, March 28th , 2023 - OOTP Baseball 23.10 Build 110